 Dungeon Crawl Stone Soup version 0.30-a0-365-ge7f957f1db (webtiles) character file.

Game seed: 15824910061277595722

227 IdlyInterested the Slasher (level 5, -1/40 HPs)
             Began as a Demonspawn Wanderer on Nov 17, 2022.
             Slain by a water moccasin (6 damage)
             ... on level 4 of the Dungeon.
             The game lasted 00:07:13 (2022 turns).

IdlyInterested the Slasher (Demonspawn Wanderer)    Turns: 2022, Time: 00:07:14

Health: -1/40      AC:  8    Str: 10    XL:     5   Next: 70%
Magic:  5/5        EV: 10    Int: 14    God:
Gold:   17         SH:  0    Dex: 18    Spells: 4/4 levels left

rFire   . . .      SeeInvis .    a - +0 long sword
rCold   . . .      Faith    .    (no shield)
rNeg    . . .      Spirit   .    i - +0 ring mail
rPois   .          Reflect  .    (no helmet)
rElec   .          Harm     .    k - +0 cloak
rCorr   .          Rampage  .    c - +0 pair of gloves
Will    .....                    u - +0 pair of boots
Stlth   ++........               o - amulet of regeneration
HPRegen 1.06/turn                (no ring)
MPRegen 0.09/turn                (no ring)

@: lethally poisoned (-1 -> -3)
A: powered by death 1, big brain 1
a: no special abilities


You were on level 4 of the Dungeon.
You visited 1 branch of the dungeon, and saw 4 of its levels.

You collected 120 gold pieces.
You spent 103 gold pieces at shops.

Inventory:

Hand Weapons
 a - a +0 long sword (weapon)
 b - a +0 quarterstaff
 h - a +0 falchion
 m - a +0 short sword
Missiles
 f - 5 poisoned darts
 n - 20 stones (quivered)
Armour
 c - a +0 pair of gloves (worn)
 e - a +0 robe
 i - a +0 ring mail (worn)
 k - a +0 cloak (worn)
 u - a +0 pair of boots (worn)
 v - a +0 leather armour
 B - a +0 plate armour
Jewellery
 o - an amulet of regeneration (around neck)
 C - an amulet of guardian spirit
 G - an amulet of reflection
Scrolls
 d - a scroll of blinking
 l - 7 scrolls of teleportation {unknown}
 p - 4 scrolls of identify {unknown}
 q - a scroll of immolation {unknown}
 t - 2 scrolls of enchant armour {unknown}
 x - 2 scrolls of fog {unknown}
 y - 2 scrolls of silence {unknown}
 D - 2 scrolls of poison {unknown}
 H - a scroll of noise {unknown}
Potions
 g - 2 potions of curing {unknown}
 j - 2 potions of brilliance {unknown}
 r - a potion of berserk rage {unknown}
 s - a potion of degeneration {unknown}
 w - 4 potions of haste {unknown}
 z - a potion of mutation {unknown}
 A - a potion of lignification {unknown}
 E - a potion of cancellation {unknown}
 F - a potion of flight {unknown}


   Skills:
 * Level 2.9 Fighting
 + Level 4.4 Long Blades
 - Level 1.7 Staves
 - Level 1.0 Throwing
 * Level 1.5 Dodging
 - Level 4.0 Stealth


You had 4 spell levels left.
You didn't know any spells.
Your spell library contained the following spells:

 Spells                   Type           Power      Damage    Failure   Level
 Slow                     Hex            0%         N/A       58%         1
 Confusing Touch          Hex            0%         N/A       92%         3
 Vampiric Draining        Necr           0%         2d6       92%         3


Dungeon Overview and Level Annotations

Branches:
Dungeon (4/15)
 Temple: D:4-7

Altars:
Cheibriados
Xom

Shops:
D:1 *


Innate Abilities, Weirdness & Mutations

You regenerate a little health from kills.
You have an unusually large brain. (Int +2)


Message History

The water moccasin bites you but does no damage.
The water moccasin barely misses you.
You hit the water moccasin.
The water moccasin is severely wounded.
The water moccasin bites you but does no damage.
You hit the water moccasin.
The water moccasin is severely wounded.
The water moccasin closely misses you.
The water moccasin bites you but does no damage.
You miss the water moccasin.
The water moccasin is severely wounded.
The water moccasin bites you. The water moccasin bites you!
You closely miss the water moccasin.
The water moccasin is severely wounded.
The water moccasin bites you but does no damage.
The water moccasin bites you.
You hit the water moccasin but do no damage.
The water moccasin is severely wounded.
The water moccasin bites you.
* * * LOW HITPOINT WARNING * * *
You completely miss the water moccasin.
The water moccasin is severely wounded.
The water moccasin barely misses you. x2
You closely miss the water moccasin.
The water moccasin is severely wounded.
The water moccasin barely misses you. The water moccasin bites you.
* * * LOW HITPOINT WARNING * * *
You are poisoned.
The water moccasin poisons you!
You hit the water moccasin.
The water moccasin is severely wounded.
* * * LOW HITPOINT WARNING * * *
You feel very sick. The water moccasin barely misses you.
You miss the water moccasin.
The water moccasin is severely wounded.
* * * LOW HITPOINT WARNING * * *
You feel very sick. The water moccasin bites you.
You die...

#.#.##.#....##
#.#.##.#..o##
####......(..##
.....#.#....##
#....##....##
.####.....#)....##
...............#.#
....#.#.#...S.#.#.#
........#...@.##.#.#
......)...)....##.#.#
......#.........##.#.
.........##......##)
.........##...####
.........###...#
................#
..........#......#
...o.....##..#...#


You could see a water moccasin.

Vanquished Creatures
  An ogre (D:3)
  2 orc wizards (D:3)
  3 adders
  2 worms (D:3)
  3 dart slugs
  3 orcs
  3 endoplasms
  4 giant cockroaches
  5 goblins
  5 hobgoblins
  2 jackals (D:3)
  A ball python (D:3)
  A bat (D:2)
  5 frilled lizards
  10 kobolds
  3 rats
53 creatures vanquished.

Notes
Turn   | Place    | Note
-------+----------+-------------------------------------------
     0 | D:1      | IdlyInterested the Demonspawn Wanderer began the quest for
                  | the Orb.
     0 | D:1      | IdlyInterested set off with the following items: a +0 long
                  | sword, a +0 quarterstaff, a +0 pair of gloves, a scroll of
                  | blinking, a +0 robe.
     0 | D:1      | Reached XP level 1. HP: 15/15 MP: 1/1
   287 | D:1      | Gained mutation: You regenerate a little health from kills.
                  | [demonic ancestry]
   287 | D:1      | Reached XP level 2. HP: 20/21 MP: 2/2
   518 | D:1      | Found Edejax's Assorted Antiques.
   526 | D:1      | Bought a scroll labelled GYTIOZXYOTH for 28 gold pieces
   716 | D:2      | Found a shimmering altar of Xom.
   792 | D:1      | Bought a viscous blue potion for 25 gold pieces
   891 | D:2      | Gained mutation: You have an unusually large brain. (Int
                  | +2) [demonic ancestry]
   891 | D:2      | Reached XP level 3. HP: 24/26 MP: 3/3
  1206 | D:1      | Bought an orange potion for 25 gold pieces
  1342 | D:3      | Reached skill level 1 in Throwing
  1368 | D:3      | Reached XP level 4. HP: 24/33 MP: 4/4
  1557 | D:3      | Found a faded altar of an unknown god.
  1564 | D:3      | Noticed an ogre
  1601 | D:3      | Killed an ogre
  1602 | D:3      | Reached skill level 1 in Dodging
  1602 | D:3      | Reached XP level 5. HP: 20/40 MP: 5/5
  1657 | D:3      | Found a snail-covered altar of Cheibriados.
  1904 | D:1      | Bought a lumpy silvery potion for 25 gold pieces
  2004 | D:4      | Noticed a water moccasin
  2022 | D:4      | Slain by a water moccasin

Illustrated notes

Levels and vault maps discovered:
D:1:      nzn_arrival_crosshair, layout_basic, serial_shops, nicolae_square_shop
D:2:      layout_rooms, basic_altar
D:3:      layout_rooms, mainiacjoe_overflow_paths, basic_ecumenical_altar,
          minivault_14, kennysheep_potato
D:4:      minmay_inner_zag, layout_rooms, kennysheep_windowed_goal

Skill      XL: |  1  2  3  4 |
---------------+-------------+-----
Stealth        | 4 |  4.0
Long Blades    | 3 4 |  4.4
Throwing       | 1 |  1.0
Fighting       | 2 |  2.9
Dodging        | 1 |  1.5
Staves         | |  1.7

Action                   |  1- 3 |  4- 6 || total
-------------------------+-------+-------++-------
Melee: Long sword        |    83 |    95 ||   178
 Stab: Sleeping          |     6 |     2 ||     8
       Distracted        |       |     1 ||     1
Armor: Ring mail         |    58 |    39 ||    97
       Robe              |     2 |       ||     2
Dodge: Dodged            |    46 |    46 ||    92

Table legend: (Time is in decaauts)
 A = Elapsed time spent in this place.
 B = Non-inter-level travel time spent in this place.
 C = Inter-level travel time spent in this place.
 D = Time resting spent in this place.
 E = Time spent auto-exploring this place.
 F = Levels seen in this place.
 G = Mean time per level.
                   A        B        C        D        E       F      G
               +--------+--------+--------+--------+--------+-----+--------+
         Total |   2063 |   1593 |    470 |     41 |    870 |   4 |  515.8 |
       Dungeon |   2063 |   1593 |    470 |     41 |    870 |   4 |  515.8 |
               +--------+--------+--------+--------+--------+-----+--------+

Top non-repeatable levels by time:
     D:1: 924 daAuts
     D:3: 606 daAuts
     D:2: 482 daAuts
     D:4: 51 daAuts
